 Dungeon Crawl Stone Soup version 0.20-a0-382-g289d6af (webtiles) character file.

76245 Faca the Fencer (level 15, -10/139 HPs)
             Began as a Minotaur Berserker on Dec 28, 2016.
             Was the Champion of Trog.
             Mangled by a sun demon (19 damage)
             ... summoned by an orc high priest
             ... on level 2 of the Orcish Mines on Dec 29, 2016.
             The game lasted 01:24:37 (20915 turns).

Faca the Fencer (Minotaur Berserker)               Turns: 20915, Time: 01:24:39

Health: -10/139    AC: 35    Str: 23    XL:     15   Next: 12%
Magic:  14/14      EV: 11    Int:  4    God:    Trog [******]
Gold:   1346       SH:  0    Dex: 15    Spells: 14/14 levels left

rFire  . . .     SeeInvis .     G - +2 great sword "Roegg" {slice, Stlth+}
rCold  + . .     Gourm    .     t - +3 crystal plate armour of Hysteria {rC+ rN+}
rNeg   + . .     Faith    .     (shield currently unavailable)
rPois  .         Spirit   .     (helmet restricted)
rElec  .         Reflect  .     n - +2 cloak
rCorr  .         Harm     .     (no gloves)
MR     ++...                    K - +2 pair of boots
Stlth  ..........               x - amulet of regeneration
                                A - +2 ring of protection
                                q - ring of protection from magic

@: drained
A: retaliatory headbutt, horns 2
a: Berserk, Trog's Hand, Brothers in Arms, Burn Spellbooks, Renounce Religion


You were on level 2 of the Orcish Mines.
You worshipped Trog.
Trog was exalted by your worship.
You were not hungry.

You visited 3 branches of the dungeon, and saw 20 of its levels.
You also visited: Ice Cave.

You collected 1610 gold pieces.
You spent 264 gold pieces at shops.

Inventory:

Hand Weapons
 s - a +5 double sword of holy wrath
 y - a +2 great sword of flaming
 G - the +2 great sword "Roegg" (weapon) {slice, Stlth+}
   (You bought it in a shop on level 2 of the Orcish Mines)

   It inflicts extra damage upon your enemies.
   It makes you more stealthy.
 M - a +0 shortbow of flaming
Missiles
 m - 295 arrows
Armour
 n - a +2 cloak (worn)
 t - the +3 crystal plate armour of Hysteria (worn) {rC+ rN+}
   (You found it on level 10 of the Dungeon)

   It protects you from cold.
   It protects you from negative energy.
 K - a +2 pair of boots (worn)
Jewellery
 q - a ring of protection from magic (left hand)
 x - an amulet of regeneration (around neck)
 A - a +2 ring of protection (right hand)
Wands
 o - a wand of lightning (8/15)
 u - a wand of flame (48/48)
 F - a wand of iceblast (8/15)
Scrolls
 b - 11 scrolls of teleportation
 e - a scroll of remove curse
 p - 3 scrolls of enchant weapon
 C - a scroll of identify
 H - a scroll of recharging
 I - a scroll of fog
Potions
 a - a potion of resistance
 d - a potion of lignification
 g - 4 potions of invisibility
 h - 4 potions of curing
 i - 2 potions of ambrosia
 j - 3 potions of agility
 k - 3 potions of heal wounds
 r - a potion of cure mutation
 v - 2 potions of flight
 w - 4 potions of cancellation
 z - 4 potions of might
 E - 3 potions of haste
 L - a potion of brilliance
Comestibles
 c - 8 bread rations
 f - 9 beef jerkies
 l - 7 meat rations
 B - 3 chunks of flesh
 D - 2 slices of pizza
 J - 16 royal jellies


   Skills:
 + Level 14.8(14.0) Fighting
 + Level 15.4(14.6) Long Blades
 - Level 10.4(9.8) Bows
 + Level 14.9(14.1) Armour
 + Level 13.8(13.1) Dodging


You had 14 spell levels left.
You didn't know any spells.

Dungeon Overview and Level Annotations

Branches:
Dungeon (12/15)            Temple (0/1) D:4            Lair (6/6) D:8
 Shoals (0/4) Lair:3       Spider (0/4) Lair:4        Slime (0/5) Lair:6
    Orc (2/2) D:12            Elf (0/3) Orc:2

Altars:
Elyvilon
Qazlal
Trog

Shops:
D:9 =   D:12 %   Orc:2 (

Annotations:
D:6 Pikel
Lair:6 exclusion: 3 oklob plants


Innate Abilities, Weirdness & Mutations

You reflexively headbutt those who attack you in melee.
You have a pair of horns on your head.


Message History

The orc knight hits you with a great sword!
The orc high priest barely misses you. You furiously retaliate!
You headbutt the orc high priest.
The sun demon hits you but does no damage.
The chaos spawn gores you but does no damage.
You closely miss the orc high priest.
The orc high priest is severely wounded.
The orc knight hits you with a great sword!
The sun demon hits you but does no damage.
The sun demon hits you.
You are engulfed in flames!
* * * LOW HITPOINT WARNING * * *
The orc high priest hits you with a glaive!
* * * LOW HITPOINT WARNING * * *
You closely miss the orc high priest.
The orc high priest is severely wounded.
The chaos spawn gores you but does no damage.
The sun demon hits you!
* * * LOW HITPOINT WARNING * * *
You are engulfed in flames!!
You die...

.#.....................
........................
...................#.....
...................#......
................)...##..... ..
..........$(.(((..(..##)[..
.......$.................#....
.#.##.......3o3..........#)...
..............@4§........#[#..#
.##............)o.§.......#[..#..
#...............§§..#..#...#....)
......#.#....).....#........#....
.....#............#....#<#.#.....
......#..(.........#..#...#.....)
.......#..(......................
..........................#......
.................................


You could see an orc knight, an orc high priest, 2 sun demons and a chaos spawn.

Vanquished Creatures
  Rupert (Lair:6)
  A fire giant (D:11)
  The ghost of listentometal the Frost Mage, an adept DgIE (Orc:2)
  An orc warlord (Orc:1)
  Snorg (Lair:6)
  Josephine (D:10)
  6 hydras
  8 death yaks
  2 two-headed ogres
  2 orc high priests (Orc:2)
  Nergalle (D:10)
  5 skeletal warriors (D:11)
  3 orc knights
  A cyclops (Orc:2)
  A necromancer (IceCv)
  2 orc sorcerers (Orc:2)
  7 black mambas
  5 elephants
  A salamander (Lair:6)
  A merfolk siren (Lair:3)
  Maurice (D:10)
  An ice statue (IceCv)
  Psyche (D:9)
  7 spiny frogs
  2 centaur skeletons
  7 komodo dragons
  6 rime drakes
  9 freezing wraiths (IceCv)
  6 trolls
  A queen bee (D:11)
  3 polar bears
  12 blink frogs
  Grinder (D:5)
  6 hornets
  6 hippogriffs
  7 dream sheep
  A shadow (D:9)
  A vampire (D:10)
  11 spriggans (Lair:6)
  5 wraiths (D:10)
  3 wyverns
  Sigmund (D:5)
  35 yaks
  A basilisk (Lair:5)
  Grum (D:11)
  A death yak simulacrum (IceCv)
  A steam dragon (D:11)
  4 wargs (Orc:2)
  2 vampire mosquitoes (D:12)
  20 water moccasins
  A soldier ant (D:8)
  Duvessa (D:6)
  An acid dragon (D:11)
  12 porcupines
  24 orc warriors
  A sky beast (D:10)
  The ghost of Faca the Slasher, an amateur MiBe of Trog (D:3)
  11 ice beasts
  An alligator simulacrum (IceCv)
  4 black bears (Lair:6)
  A necrophage (D:9)
  9 ogres
  4 boggarts (Lair:6)
  A phantom (D:9)
  30 wolves
  9 centaurs
  12 crocodiles
  16 bullfrogs
  Dowan (D:6)
  2 wyvern skeletons
  6 scorpions
  31 killer bees
  An elephant simulacrum (IceCv)
  6 wights
  5 electric eels
  3 crimson imps
  A centaur zombie (D:5)
  A quasit (D:9)
  A draconian simulacrum (IceCv)
  12 orc priests
  5 bullfrog zombies
  6 hounds
  2 jellies
  5 bullfrog skeletons
  5 iguanas
  11 orc wizards
  Ijyb (D:3)
  18 worker ants
  2 spriggan simulacra (IceCv)
  4 troll simulacra (IceCv)
  A wolf simulacrum (IceCv)
  3 centaur simulacra (IceCv)
  A hound zombie (D:10)
  2 hound skeletons
  4 worker ant zombies
  3 naga simulacra (IceCv)
  32 adders
  2 ogre simulacra (IceCv)
  4 shadow imps
  7 white imps (IceCv)
  3 oozes
  An adder zombie (D:9)
  2 adder skeletons
  2 worms
  5 dart slugs
  7 leopard geckos
  65 orcs
  A ball python (D:6)
  10 giant cockroaches
  16 goblins
  6 hobgoblins
  12 jackals
  8 quokkas
  8 bats
  3 frilled lizards
  5 kobolds
  A leopard gecko skeleton (D:4)
  A quokka skeleton (D:4)
  11 rats (D:1)
  2 fungi
  2 plants
712 creatures vanquished.

Vanquished Creatures (collateral kills)
  A hydra (Lair:5)
  A spiny frog (Lair:5)
  A freezing wraith (IceCv)
  A dream sheep (Lair:5)
  An orc warrior (Orc:1)
  A porcupine (Lair:5)
  A spriggan simulacrum (IceCv)
  2 troll simulacra (IceCv)
  2 ogre simulacra (IceCv)
  5 white imps (IceCv)
16 creatures vanquished.

Vanquished Creatures (others)
  11 fungi
  6 plants
17 creatures vanquished.

Grand Total: 745 creatures vanquished

Notes
Turn   | Place    | Note
-------+----------+-------------------------------------------
     0 | D:1      | Faca the Minotaur Berserker began the quest for the Orb.
     0 | D:1      | Reached XP level 1. HP: 19/19 MP: 0/0
    48 | D:1      | Reached XP level 2. HP: 24/27 MP: 1/1
   294 | D:1      | Reached skill level 4 in Long Blades
   306 | D:1      | Reached ** piety under Trog
   306 | D:1      | Reached XP level 3. HP: 14/33 MP: 2/2
   820 | D:2      | Found a faded altar of an unknown god.
   907 | D:2      | Reached XP level 4. HP: 22/40 MP: 3/3
  1392 | D:2      | Found a bloodstained altar of Trog.
  1754 | D:3      | Noticed Ijyb
  1771 | D:3      | Killed Ijyb
  1771 | D:3      | Reached XP level 5. HP: 35/47 MP: 4/4
  1820 | D:3      | Noticed Faca's ghost (amateur MiBe)
  1837 | D:3      | Killed Faca's ghost
  1837 | D:3      | Reached skill level 5 in Long Blades
  2426 | D:3      | Reached *** piety under Trog
  2592 | D:3      | Reached XP level 6. HP: 52/55 MP: 5/5
  2640 | D:4      | Reached skill level 5 in Fighting
  2922 | D:4      | Found a staircase to the Ecumenical Temple.
  2972 | D:4      | Reached skill level 5 in Armour
  2996 | D:4      | Reached XP level 7. HP: 55/61 MP: 6/6
  3079 | D:4      | Reached skill level 6 in Long Blades
  3443 | D:5      | Entered Level 5 of the Dungeon
  3664 | D:5      | Noticed Grinder
  3676 | D:5      | Killed Grinder
  3676 | D:5      | Reached skill level 5 in Dodging
  4089 | D:5      | Reached XP level 8. HP: 45/71 MP: 7/7
  4224 | D:5      | Reached **** piety under Trog
  4224 | D:5      | Reached skill level 7 in Long Blades
  4239 | D:5      | Noticed Sigmund
  4249 | D:5      | Killed Sigmund
  4728 | D:6      | Noticed Dowan
  4739 | D:6      | Noticed Duvessa
  4933 | D:6      | Killed Duvessa
  5078 | D:6      | Killed Dowan
  5078 | D:6      | Reached skill level 1 in Bows
  5490 | D:6      | Got a steaming quarterstaff
  5494 | D:6      | Identified the +10 quarterstaff of Shrieking Terror {freeze, rPois Int+6} (You found it on level 6 of the Dungeon)
  5564 | D:6      | Noticed Pikel
  5759 | D:6      | Reached skill level 8 in Long Blades
  5759 | D:6      | Reached XP level 9. HP: 79/79 MP: 8/8
  6812 | D:7      | Received a gift from Trog
  7612 | D:8      | Found a staircase to the Lair.
  7864 | D:8      | Reached skill level 9 in Long Blades
  8052 | D:8      | Found a stormy altar of Qazlal.
  8539 | D:9      | Reached XP level 10. HP: 81/90 MP: 9/9
  8689 | D:9      | Found Olaneil's Jewellery Boutique.
  8698 | D:9      | Reached skill level 5 in Bows
  9119 | D:9      | Noticed Psyche
  9133 | D:9      | Killed Psyche
  9220 | D:9      | Reached ***** piety under Trog
  9368 | D:9      | Noticed a two-headed ogre
  9376 | D:9      | Killed a two-headed ogre
  9424 | D:9      | Reached skill level 10 in Long Blades
  9621 | D:10     | Entered Level 10 of the Dungeon
  9627 | D:10     | Noticed Maurice
  9636 | D:10     | Killed Maurice
  9797 | D:10     | Found a white marble altar of Elyvilon.
  9843 | D:10     | Reached skill level 10 in Fighting
  9878 | D:10     | Noticed Josephine
  9895 | D:10     | Reached XP level 11. HP: 60/98 MP: 10/10
  9899 | D:10     | Killed Josephine
 10012 | D:10     | Received a gift from Trog
 10017 | D:10     | Reached skill level 10 in Armour
 10181 | D:10     | Got a translucent crystal plate armour
 10192 | D:10     | Identified the +3 crystal plate armour of Hysteria {rC+ rN+} (You found it on level 10 of the Dungeon)
 10272 | D:10     | Noticed Nergalle
 10297 | D:10     | Killed Nergalle
 10297 | D:10     | Received a gift from Trog
 10402 | D:11     | Noticed a skeletal warrior
 10402 | D:11     | Noticed a skeletal warrior
 10402 | D:11     | Noticed a skeletal warrior
 10460 | D:11     | Killed a skeletal warrior
 10475 | D:11     | Killed a skeletal warrior
 10475 | D:11     | Reached skill level 11 in Long Blades
 10501 | D:11     | Killed a skeletal warrior
 10628 | D:11     | Found a frozen archway.
 10648 | D:11     | Reached skill level 10 in Dodging
 10664 | IceCv    | Entered an ice cave
 11037 | IceCv    | Reached XP level 12. HP: 96/110 MP: 11/11
 11242 | IceCv    | Found an ancient bone altar of Kikubaaqudgha.
 11374 | IceCv    | Received a gift from Trog
 11617 | D:11     | Noticed a fire giant
 11628 | D:11     | Killed a fire giant
 11743 | D:11     | Reached skill level 12 in Long Blades
 12106 | D:11     | Noticed Grum
 12122 | D:11     | Killed Grum
 12519 | D:12     | Found a staircase to the Orcish Mines.
 12621 | D:12     | Found Zikh's Food Emporium.
 13106 | D:8      | Upgraded the game from 0.20-a0-370-gd6af2a4 to 0.20-a0-382-g289d6af
 13107 | Lair:1   | Entered Level 1 of the Lair of Beasts
 13122 | Lair:1   | Noticed a six-headed hydra
 13131 | Lair:1   | Killed a three-headed hydra
 13293 | Lair:1   | Noticed an eight-headed hydra
 13305 | Lair:1   | Killed a four-headed hydra
 13466 | Lair:1   | Received a gift from Trog
 13550 | Lair:1   | Reached XP level 13. HP: 114/118 MP: 12/12
 13580 | Lair:1   | Reached skill level 10 in Bows
 13725 | Lair:1   | Found a white marble altar of Elyvilon.
 14961 | Lair:2   | Reached skill level 13 in Long Blades
 15116 | Lair:3   | Reached ****** piety under Trog
 15561 | Lair:3   | Found a staircase to the Shoals.
 16335 | Lair:4   | Received a gift from Trog
 16662 | Lair:4   | Found a hole to the Spider Nest.
 17534 | Lair:5   | Reached skill level 14 in Long Blades
 17554 | Lair:5   | Reached XP level 14. HP: 129/129 MP: 13/13
 18061 | Lair:6   | Entered Level 6 of the Lair of Beasts
 18124 | Lair:6   | Noticed Snorg
 18130 | Lair:6   | Killed Snorg
 18140 | Lair:6   | Found a staircase to the Slime Pits.
 18357 | Lair:6   | Received a gift from Trog
 18468 | Lair:6   | Noticed Rupert
 18485 | Lair:6   | Received a gift from Trog
 18632 | Lair:6   | Paralysed by Rupert for 7 turns
 18642 | Lair:6   | Killed Rupert
 18916 | Lair:6   | Reached skill level 15 in Long Blades
 19720 | Orc:1    | Entered Level 1 of the Orcish Mines
 19750 | Orc:2    | Entered Level 2 of the Orcish Mines
 20002 | Orc:2    | Found Fiukhloam's Antique Weapon Shoppe.
 20002 | Orc:2    | Noticed an orc warlord
 20047 | Orc:1    | Killed an orc warlord
 20047 | Orc:1    | Received a gift from Trog
 20201 | Orc:2    | Bought a dazzling great sword for 264 gold pieces
 20304 | Orc:1    | Identified the +2 great sword "Roegg" {slice, Stlth+} (You bought it in a shop on level 2 of the Orcish Mines)
 20313 | Orc:2    | Reached XP level 15. HP: 128/139 MP: 14/14
 20491 | Orc:2    | Found a staircase to the Elven Halls.
 20499 | Orc:2    | Noticed listentometal's ghost (adept DgIE)
 20530 | Orc:2    | Killed listentometal's ghost
 20915 | Orc:2    | Mangled by a sun demon

Vault maps used:
D:1:      onia_arrival_handbag, minivault_23, st_stairs_10, minmay_tetromino_l4
D:2:      cheibrodos_helix_gallery, chequers_ecumenical_altar_island, trog_book
D:3:      uniq_iyjb
D:4:      kennysheep_the_goblin_king, first_bread
D:5:      uniq_grinder, uniq_sigmund
D:6:      uniq_duvessa, uniq_pikel
D:8:      lair_entry_dummy, hangedman_pestilent_swarm, minmay_misc_feat_pillars,
          nicolae_qazlal_style_of_elements
D:9:      serial_shops, shop_coins, abandoned_shop, uniq_psyche
D:10:     basic_altar, uniq_maurice, uniq_josephine, uniq_nergalle
D:11:     portal_ice_cave_rime, minmay_three_doors, uniq_grum
D:12:     orc_0_dummy, serial_shops, shop, small_statue_alley_a
Lair:1:   lemuel_reptile_caves, st_stairs_8, minmay_holes, lemuel_centaur_altar
Lair:3:   shoals_dummy_entry, serial_bayou, serial_bayou_shore_b,
          serial_bayou_pond_b, serial_bayou_crossing, serial_bayou_lagoon_b,
          grunt_forest_large_clearing_hut
Lair:4:   dummy_spider_entry
Lair:5:   small_statue_intersection, nicolae_quartered_pool_little
Lair:6:   minmay_lair_end_enchanted_forest, slime_dummy, hibernation_bobbens,
          minmay_lair_oklob_chamber, uniq_snorg, uniq_rupert
Orc:1:    bh_open_orc_temple
Orc:2:    grunt_orc_gardens, grunt_orc_garden, grunt_orc_garden,
          grunt_orc_garden, grunt_orc_garden
IceCv:    ice_cave_small_necro

Skill      XL: |  1  2  3  4  5  6  7  8  9 10 11 12 13 14 |
---------------+-------------------------------------------+-----
Long Blades    | 4 5 6 8 9 10 11 12 14 15 | 15.4
Armour         | 3 4 5 6 7 8 9 11 12 13 14 | 14.9
Fighting       | 4 5 6 7 8 10 11 12 13 14 | 14.8
Dodging        | 3 4 5 6 7 9 10 11 12 13 | 13.8
Bows           | 2 4 6 8 9 10 | 10.4

Action                   |  1- 3 |  4- 6 |  7- 9 | 10-12 | 13-15 || total
-------------------------+-------+-------+-------+-------+-------++-------
Melee: Falchion          |    92 |   198 |     7 |       |       ||   297
       Headbutt          |     9 |    41 |    85 |   215 |   246 ||   596
       Long sword        |       |       |   357 |   570 |       ||   927
       Great sword       |       |       |       |   212 |   846 ||  1058
 Fire: Shortbow          |       |       |       |     3 |       ||     3
Invok: Burn Spellbooks   |       |     1 |     1 |     3 |     1 ||     6
       Brothers in Arms  |       |       |       |     1 |     2 ||     3
  Use: Scroll            |     2 |     5 |     8 |    10 |     6 ||    31
       Potion            |       |       |       |     3 |     3 ||     6
 Stab: Sleeping          |     2 |       |       |       |       ||     2
  Eat: Bread ration      |       |     1 |     3 |     1 |     2 ||     7
       Fruit             |       |     3 |       |     3 |     3 ||     9
       Royal jelly       |       |       |     1 |     4 |     2 ||     7
       Meat ration       |       |       |     1 |       |     1 ||     2
       Chunk             |       |       |       |     1 |     6 ||     7
Armor: Animal skin       |    19 |       |       |       |       ||    19
       Chain mail        |       |   109 |    42 |    34 |       ||   185
       Scale mail        |       |    16 |    68 |       |       ||    84
       Plate armour      |       |       |       |   139 |       ||   139
       Crystal plate arm |       |       |       |   524 |   915 ||  1439
       Skin              |       |       |       |    22 |       ||    22
Dodge: Dodged            |    83 |   113 |   246 |   438 |   643 ||  1523
       Rpst.: Falchion   |    21 |    37 |     1 |       |       ||    59
       Long sword        |       |       |    77 |    95 |       ||   172
       Great sword       |       |       |       |    35 |   140 ||   175
